 Dungeon Crawl Stone Soup version 0.31.0-32-g396128a36d (webtiles) character file.

Game seed: 2371251202595359710

1163 Alphaeus the Sneak (level 8, -12/42 HPs)
             Began as a Vine Stalker Berserker on Mar 20, 2024.
             Was an Elder of Trog.
             Killed from afar by a steam dragon (16 damage)
             ... with a ball of steam
             ... on level 5 of the Dungeon.
             The game lasted 00:04:40 (3481 turns).

Alphaeus the Sneak (Vine Stalker Berserker)         Turns: 3481, Time: 00:04:41

Health: -12/42     AC: 11    Str: 21    XL:     8   Next: 40%
Magic:  0/9        EV: 12    Int:  7    God:    Trog [****..]
Gold:   360        SH:  0    Dex: 19    Spells: 7/7 levels left

rFire   . . .        a - +0 falchion
rCold   + . .        (no shield)
rNeg    . . .        j - +5 ring mail "Weloydd" {*Slow Dex+4}
rPois   .            (no helmet)
rElec   .            (no cloak)
rCorr   .            (no gloves)
SInv    .            f - +0 pair of boots
Will    +....        o - amulet of the acrobat
Stlth   +++          m - ring of protection from cold
HPRegen 1.07/turn    (no ring)
MPRegen 0.11/turn

%: slow self (1%), acrobat, guardian spirit
@: no status effects
A: fangs 3, regeneration 1, magic shield, antimagic bite, no potion heal 2
a: Renounce Religion, Berserk, Trog's Hand, Brothers in Arms


You were on level 5 of the Dungeon.
You worshipped Trog.
Trog was greatly pleased with you.
You visited 1 branch of the dungeon, and saw 5 of its levels.

You collected 360 gold pieces.

Inventory:

Hand Weapons
 a - a +0 falchion (weapon)
Armour
 b - a +0 animal skin
 f - a +0 pair of boots (worn)
 j - the +5 ring mail "Weloydd" (worn) {*Slow Dex+4}
   (You found it on level 2 of the Dungeon)

   Dex+4:     It affects your dexterity (+4).
   *Slow:     It may slow you when you take damage.
Jewellery
 m - a ring of protection from cold (left hand)
 o - an amulet of the acrobat (around neck)
 p - an amulet of reflection
Wands
 v - a wand of flame (3)
Scrolls
 c - 2 scrolls of enchant armour {unknown}
 d - 7 scrolls of identify {unknown}
 g - a scroll of poison {unknown}
 k - 2 scrolls of teleportation {unknown}
 l - 3 scrolls of immolation {unknown}
 n - a scroll of revelation {unknown}
 s - a scroll of amnesia {unknown}
 u - a scroll of fear {unknown}
Potions
 e - 3 potions of might {unknown}
 h - 3 potions of haste {unknown}
 i - a potion of mutation {unknown}
 q - a potion of curing {unknown}
 r - a potion of degeneration {unknown}
 t - 4 potions of enlightenment {unknown}
 w - 3 potions of brilliance {unknown}
 x - a potion of attraction {unknown}


   Skills:
 + Level 4.5 Fighting
 * Level 5.3 Long Blades
 + Level 3.6 Armour
 - Level 2.9 Dodging
 + Level 6.6 Stealth


You had 7 spell levels left.
You didn't know any spells.
Your spell library was empty.

Dungeon Overview and Level Annotations

Branches:
Dungeon (5/15)
 Temple: D:4-7

Altars:
Yredelemnul

Annotations:
D:3 2 transporters
D:4 6 runed translucent doors, Prival's ghost, amateur HOMo; gamers12's ghost, amateur MfGl; seawaffle's ghost, amateur DsBe


Innate Abilities, Weirdness & Mutations

You have razor-sharp teeth.
Your natural rate of healing is unusually fast.
When hurt, damage is shared between your health and your magic reserves.
Your bite disrupts and absorbs the magic of your enemies.
Potions cannot restore your health.


Message History

The phantom completely misses you. The phantom barely misses you.
You hit the phantom but do no damage. Your bite misses the phantom.
The phantom is heavily damaged.
You are engulfed in a cloud of scalding steam.
The phantom hits you.
The phantom hits you but does no damage.
The steam dragon breathes steam at you. The ball of steam hits you!!
* * * LOW HITPOINT WARNING * * *
You are too injured to fight recklessly!
You are too injured to fight recklessly!
You are too injured to fight recklessly!
You are too injured to fight recklessly!
You are too injured to fight recklessly!
You are too injured to fight recklessly!
You are too injured to fight recklessly!
You are too injured to fight recklessly!
You are too injured to fight recklessly!
You are too injured to fight recklessly!
You are too injured to fight recklessly!
You are too injured to fight recklessly!
You are too injured to fight recklessly!
You are too injured to fight recklessly!
You are too injured to fight recklessly!
You are too injured to fight recklessly!
You are too injured to fight recklessly!
You are too injured to fight recklessly!
You are too injured to fight recklessly!
You are too injured to fight recklessly!
You slash the steam dragon!
The steam dragon is moderately wounded.
The steam dragon bites you.
* * * LOW HITPOINT WARNING * * *
The steam dragon claws you but does no damage.
Okay, then.
You barely miss the steam dragon.
The steam dragon is moderately wounded.
The steam dragon breathes steam at you. The ball of steam hits you!
You die...

.....##.#.####.....####..#
#######.#.#[.##...##..#..#
#######.#.#...##.##...#..#
........#.##...#.#...##..#
........#..##.)#.#'.##...#
............###..†###....####
............)...8...........#
#.......#...###D..###...###.#
#.......#..##W'#@#†.##..# #
#.##'##.#.##.W.#.#...##.#
#.##....#.#...##.##...#...
..##..#.#.#:.##...##.(#..##
####..###.####.....####..#
#.....................#
####.##.#######.........#
#.......# #.#########
#.#)##### #.#


You could see a steam dragon (catching breath).

Vanquished Creatures
  A water moccasin (D:5)
  An ogre (D:5)
  2 phantoms (D:5)
  A bullfrog (D:4)
  A scorpion (D:4)
  An orc priest (D:3)
  A gnoll bouda (D:5)
  5 hounds
  Ijyb (D:4)
  An iguana (D:5)
  A sleepcap (D:5)
  5 orc wizards
  A mummy (D:4)
  9 adders
  5 gnolls (D:5)
  A white imp (D:5)
  2 adder zombies (D:4)
  A dart slug (D:3)
  2 ribbon worms
  27 orcs
  5 ball pythons
  5 bats
  2 endoplasms
  3 giant cockroaches
  6 hobgoblins
  17 jackals
  2 quokkas
  2 frilled lizards
  6 goblins
  2 hobgoblin zombies (D:4)
  10 kobolds
  A kobold zombie (D:4)
  An orc zombie (D:4)
  5 rats
136 creatures vanquished.

Notes
Turn   | Place    | Note
-------+----------+-------------------------------------------
     0 | D:1      | Alphaeus the Vine Stalker Berserker began the quest for the
                  | Orb.
     0 | D:1      | Reached XP level 1. HP: 11/11 MP: 2/2
    43 | D:1      | Reached XP level 2. HP: 8/16 MP: 1/3
    50 | D:1      | Reached skill level 1 in Stealth
   197 | D:1      | Found a faded altar of an unknown god.
   205 | D:1      | Reached XP level 3. HP: 19/19 MP: 4/4
   209 | D:1      | Reached ** piety under Trog
   224 | D:1      | Reached skill level 2 in Stealth
   574 | D:2      | Identified the +5 ring mail "Weloydd" {*Slow Dex+4}
   887 | D:2      | Reached XP level 4. HP: 24/24 MP: 5/5
  1278 | D:3      | Reached skill level 3 in Stealth
  1329 | D:3      | Reached XP level 5. HP: 28/28 MP: 6/6
  1346 | D:3      | Found a transporter.
  1349 | D:3      | Noticed a kobold demonologist
  1364 | D:3      | Found a transporter.
  1709 | D:3      | Reached *** piety under Trog
  1914 | D:4      | Reached skill level 4 in Stealth
  1928 | D:4      | Reached XP level 6. HP: 32/32 MP: 4/7
  1953 | D:4      | Found a runed translucent gate.
  1954 | D:4      | Found a runed translucent gate.
  1955 | D:4      | Found a runed translucent gate.
  2259 | D:4      | Reached skill level 5 in Stealth
  2374 | D:4      | Noticed Prival's ghost (amateur HOMo)
  2375 | D:4      | Noticed gamers12's ghost (amateur MfGl)
  2416 | D:4      | Found a runed translucent gate.
  2416 | D:4      | Found a runed translucent gate.
  2416 | D:4      | Found a runed translucent gate.
  2416 | D:4      | Noticed seawaffle's ghost (amateur DsBe)
  2424 | D:4      | Found a basalt altar of Yredelemnul.
  2432 | D:4      | Reached XP level 7. HP: 35/36 MP: 8/8
  2471 | D:4      | Noticed Ijyb
  2489 | D:4      | Killed Ijyb
  2489 | D:4      | Reached **** piety under Trog
  2584 | D:5      | Entered Level 5 of the Dungeon
  2916 | D:5      | Reached skill level 6 in Stealth
  3021 | D:5      | Gained mutation: You have razor-sharp teeth. [Vine Stalker
                  | growth]
  3021 | D:5      | Reached XP level 8. HP: 42/42 MP: 9/9
  3376 | D:5      | Reached skill level 5 in Long Blades
  3481 | D:5      | Killed from afar by a steam dragon

Illustrated notes

Levels and vault maps discovered:
D:1:      minmay_arrival_checkered_box, layout_rooms,
          shapermc_ecumenical_altar_ellora
D:2:      layout_basic, dreamdust_princess_bridge
D:3:      gammafunk_wand_slinger, layout_basic, serial_curves, eino_curves_02,
          eino_curves_04
D:4:      layout_rooms, nicolae_yredelemnul_ghost_church,
          gammafunk_ghost_cemetery, minmay_mini_ossuary, uniq_ijyb
D:5:      cheibrodos_barr_body, layout_basic

Skill      XL: |  1  2  3  4  5  6  7  8 |
---------------+-------------------------+-----
Stealth        | 1 2 3 4 5 6 |  6.6
Dodging        | 2 |  2.9
Fighting       | 3 4 |  4.5
Long Blades    | 3 4 5 |  5.3
Armour         | 2 3 |  3.6

Action                     |  1- 3 |  4- 6 |  7- 9 || total
---------------------------+-------+-------+-------++-------
  Melee: Falchion          |   105 |   187 |   219 ||   511
         Bite              |    28 |    51 |    51 ||   130
         Punch             |       |     1 |     7 ||     8
   Stab: Sleeping          |     4 |     2 |     7 ||    13
 Armour: Animal skin       |    61 |       |       ||    61
         Ring mail         |    15 |   161 |   170 ||   346
  Dodge: Dodged            |    80 |   145 |   120 ||   345
